 Dungeon Crawl Stone Soup version 0.28.0 (webtiles) character file.

Game seed: 2211275646878666834

15480 oldriver the Fighter (level 12, -2/108 HPs)
             Began as a Formicid Hunter on Feb 12, 2022.
             Was a Believer of Ru.
             Slain by a six-headed hydra (9 damage)
             ... on level 10 of the Dungeon.
             The game lasted 00:31:02 (12899 turns).

oldriver the Fighter (Formicid Hunter)             Turns: 12899, Time: 00:31:02

Health: -2/108     AC: 14    Str: 22    XL:     12   Next: 58%
Magic:  12/12      EV: 11    Int: 11    God:    Ru [**....]
Gold:   1854       SH:  5    Dex: 11    Spells: 11/11 levels left

rFire   . . .      SeeInvis +   a - +1 fustibalus (freeze)
rCold   . . .      Faith    .   y - +0 buckler
rNeg    + . .      Spirit   .   A - +0 swamp dragon scales
rPois   +          Reflect  .   (helmet unavailable)
rElec   .          Harm     .   f - +0 cloak
rCorr   .          Rampage  .   n - +1 pair of gloves
Will    +....                   j - +0 pair of boots
Stlth   ++........              r - amulet of regeneration
HPRegen 1.08/turn               g - ring of positive energy
MPRegen 0.13/turn               (no ring)

@: mighty, invisible
A: permanent stasis, dig shafts and tunnels, antennae 3, inability to use
devices, disrupted magic 1, four strong arms
a: Dig, Shaft Self, Renounce Religion


You were on level 10 of the Dungeon.
You worshipped Ru.
Ru was pleased with you.
You visited 3 branches of the dungeon, and saw 13 of its levels.
You also visited: Sewer.

You collected 1854 gold pieces.

Inventory:

Hand Weapons
 a - a +1 fustibalus of freezing (weapon)
 b - a +6 long sword of electrocution
Missiles
 d - 92 sling bullets
 e - 241 stones (quivered ammo)
 z - a throwing net
Armour
 f - a +0 cloak (worn)
 j - a +0 pair of boots (worn)
 n - a +1 pair of gloves (worn)
 y - a +0 buckler (worn)
 A - +0 swamp dragon scales (worn)
Jewellery
 g - a ring of positive energy (left hand)
 i - an amulet of reflection
 r - an amulet of regeneration (around neck)
 t - an amulet of the acrobat
 C - a ring of magical power
Scrolls
 c - a scroll of amnesia
 m - 2 scrolls of brand weapon
 x - 4 scrolls of identify
 B - a scroll of fog
Potions
 h - a potion of invisibility
 k - 4 potions of attraction
 l - a potion of berserk rage {unknown}
 p - 6 potions of curing
 q - 8 potions of degeneration
 s - 4 potions of lignification
 u - 2 potions of might
 v - 3 potions of mutation {unknown}
 w - 2 potions of magic {unknown}


   Skills:
 + Level 14.8 Fighting
 + Level 12.8 Slings
 + Level 7.5 Armour
 - Level 1.7 Dodging
 - Level 5.0 Stealth
 - Level 5.0 Shields


You had 11 spell levels left.
You didn't know any spells.
Your spell library contained the following spells:

 Spells                   Type           Power      Damage    Failure   Level
 Animate Skeleton         Necr           0%         N/A       63%         1
 Pain                     Necr           0%         1d4       63%         1
 Slow                     Hex            0%         N/A       63%         1
 Confusing Touch          Hex            0%         N/A       93%         3
 Gell's Gravitas          Tloc           0%         N/A       93%         3
 Lesser Beckoning         Tloc           0%         N/A       93%         3
 Teleport Other           Tloc           0%         N/A       93%         3
 Vampiric Draining        Necr           0%         2d6       93%         3
 Airstrike                Air            0%         N/A       100%        4
 Animate Dead             Necr           0%         N/A       100%        4
 Dispel Undead            Necr           0%         3d6       100%        4
 Summon Lightning Spire   Summ/Air       0%         N/A       100%        4
 Lightning Bolt           Conj/Air       0%         1d11      100%        5
 Manifold Assault         Tloc           0%         N/A       100%        5
 Infestation              Necr           0%         N/A       100%        8
 Blink                    Tloc           Unusable   N/A       N/A         2

Dungeon Overview and Level Annotations

Branches:
Dungeon (11/15)            Temple (1/1) D:4            Lair (1/6) D:11
    Orc (0/2) D:11          Sewer (visited)

Altars:
Ashenzari
Cheibriados
Dithmenos
Elyvilon
Fedhas
Hepliaklqana
Makhleb
Nemelex Xobeh
Okawaru
Ru
Sif Muna
Uskayaw
Vehumet
Yredelemnul
The Shining One

Annotations:
D:7 1 runed translucent door, Crazy Yiuf


Innate Abilities, Weirdness & Mutations

You cannot be hasted, slowed, berserked, paralysed or teleported.
You can dig through walls and to a lower floor.
You have a pair of large antennae on your head. (SInv)
You cannot study or use magical devices.
Your casting is slightly disrupted.
Your four strong arms can wield two-handed weapons with a shield.


Message History

Press: ? - help, Shift-Dir - straight line, f/p - six-headed hydra
Aim: a six-headed hydra (lightly wounded, 83% to hit)
You shoot a sling bullet.
The sling bullet hits the six-headed hydra.
The sling bullet freezes the six-headed hydra.
The six-headed hydra is lightly wounded.
Fire: 93 sling bullets
Press: ? - help, Shift-Dir - straight line, f/p - six-headed hydra
Aim: a six-headed hydra (lightly wounded, 83% to hit)
You shoot a sling bullet.
The sling bullet barely misses the six-headed hydra.
The six-headed hydra bites you!
You block the six-headed hydra's attack.
The six-headed hydra bites you. The six-headed hydra barely misses you.
The six-headed hydra bites you! The six-headed hydra bites you.
* * * LOW HITPOINT WARNING * * *
Throw: 2 throwing nets
Press: ? - help, Shift-Dir - straight line, f/p - six-headed hydra
Aim: a six-headed hydra (lightly wounded, 82% to hit, immune to nets)
You throw a throwing net.
The throwing net hits the six-headed hydra.
The six-headed hydra is too large for the net to hold!
The six-headed hydra is lightly wounded.
The six-headed hydra bites you!
* * * LOW HITPOINT WARNING * * *
The six-headed hydra bites you.
* * * LOW HITPOINT WARNING * * *
The six-headed hydra bites you!
* * * LOW HITPOINT WARNING * * *
The six-headed hydra bites you but does no damage.
The six-headed hydra bites you.
* * * LOW HITPOINT WARNING * * *
The six-headed hydra bites you but does no damage.
Throw: throwing net
Press: ? - help, Shift-Dir - straight line, f/p - six-headed hydra
Aim: a six-headed hydra (lightly wounded, 82% to hit, immune to nets)
Okay, then.
You fade into invisibility!
The six-headed hydra barely misses you. The six-headed hydra bites you!
You die...

####### #......# ###
#......# ..## #####[##
#..### #.## ##...#
#..# ####'####
########'### ........#
#.....(....# ....(...#
#.....D....# ........#
#.....@....#
........###..........#
........#.'..........#
........'.#..........#
........###..<.......#
...[....# #..........#
.[[.....# #..........#
..####### ##'#########
.######## #.##


You could see a six-headed hydra.

Vanquished Creatures
  Harold (D:10)
  3 two-headed ogres
  An ugly thing (D:11)
  A cyclops (D:11)
  A gargoyle (D:7)
  Maggie (D:7)
  3 cane toads (Lair:1)
  A komodo dragon (D:10)
  A yaktaur (D:11)
  A kobold demonologist (D:11)
  2 trolls (D:11)
  13 yaks
  A wraith (D:10)
  A vampire (D:11)
  A wyvern (D:10)
  2 vampire mosquitoes (D:10)
  Menkaure (D:7)
  4 water moccasins
  A swamp drake (D:11)
  Pargi (Sewer)
  8 orc warriors
  A sky beast (D:7)
  4 necrophages
  A black bear (D:7)
  3 ogres
  3 wolves (Lair:1)
  9 centaurs
  A phantom (D:7)
  4 kobold brigands
  3 bullfrogs
  A gnoll sergeant (D:6)
  2 scorpions
  A wyvern skeleton (D:7)
  3 water moccasin skeletons
  3 killer bees (D:10)
  24 wights
  8 howler monkeys
  A bullfrog zombie (D:5)
  2 centaur zombies
  2 centaur skeletons
  2 hounds
  A jelly (D:7)
  9 orc priests
  An iron imp (D:10)
  Jessica (D:2)
  3 iguanas
  14 orc wizards
  Natasha (thrice) (D:2)
  A scorpion zombie (D:5)
  Terence (D:2)
  A killer bee zombie (D:7)
  A hound skeleton (D:5)
  4 howler monkey zombies
  2 howler monkey skeletons
  12 adders
  2 white imps
  An adder skeleton (D:2)
  3 dart slugs
  39 orcs
  10 ball pythons
  A bat skeleton (D:2)
  6 endoplasms
  A giant cockroach (D:4)
  8 goblins
  5 hobgoblins
  2 jackals
  23 kobolds
  3 quokkas
  2 ball python skeletons (D:2)
  2 ball python zombies (D:2)
  2 bats
  7 frilled lizards
  A quokka skeleton (D:2)
  A quokka zombie (D:2)
  6 rats
306 creatures vanquished.

Vanquished Creatures (others)
  A hound (D:5)
  A fungus (Lair:1)
  31 plants
  8 withered plants (D:2)
41 creatures vanquished.

Grand Total: 347 creatures vanquished

Notes
Turn   | Place    | Note
-------+----------+-------------------------------------------
     0 | D:1      | oldriver the Formicid Hunter began the quest for the Orb.
     0 | D:1      | Reached XP level 1. HP: 16/16 MP: 1/1
    61 | D:1      | Found a faded altar of an unknown god.
   102 | D:1      | Reached XP level 2. HP: 23/23 MP: 2/2
   424 | D:1      | You fall into a shaft and drop 1 floor!
   786 | D:2      | Reached skill level 3 in Fighting
   786 | D:2      | Reached skill level 5 in Slings
   786 | D:2      | Reached XP level 3. HP: 20/29 MP: 1/3
  1162 | D:2      | Noticed Natasha
  1170 | D:2      | Killed Natasha
  1171 | D:2      | Reached XP level 4. HP: 35/37 MP: 4/4
  1220 | D:2      | Noticed Terence
  1226 | D:2      | Killed Terence
  1227 | D:2      | Reached skill level 4 in Fighting
  1239 | D:2      | Reached XP level 5. HP: 42/42 MP: 5/5
  1422 | D:2      | Noticed Natasha
  1426 | D:2      | Killed Natasha
  1653 | D:2      | Noticed Jessica
  1665 | D:2      | Killed Jessica
  1742 | D:2      | Noticed Natasha
  1751 | D:2      | Killed Natasha
  1752 | D:2      | Reached XP level 6. HP: 44/49 MP: 4/6
  2656 | D:3      | Identified a scroll of acquirement
  2656 | D:3      | Acquired 1179 gold pieces
  2795 | D:4      | Found a staircase to the Ecumenical Temple.
  2812 | Temple   | Entered the Ecumenical Temple
  2855 | Temple   | Became a worshipper of Ru the Awakened
  2890 | D:4      | Reached skill level 5 in Fighting
  2968 | D:4      | Noticed an ogre
  2997 | D:4      | Killed an ogre
  2998 | D:4      | Reached XP level 7. HP: 23/56 MP: 4/7
  3217 | D:4      | Reached skill level 6 in Fighting
  3406 | D:4      | Found a glowing drain.
  3457 | Sewer    | Entered a sewer
  3661 | Sewer    | Noticed Pargi
  3688 | Sewer    | Killed Pargi
  4107 | D:4      | Reached XP level 8. HP: 65/65 MP: 8/8
  4356 | D:4      | Reached skill level 7 in Fighting
  4505 | D:4      | Found a burning altar of Makhleb.
  4506 | D:4      | Found a shimmering blue altar of Sif Muna.
  4629 | D:5      | Entered Level 5 of the Dungeon
  4957 | D:5      | Got Qiacu's Disquisition on Necromancy
  4991 | D:5      | Gained mutation: You cannot study or use magical devices.
                  | [Ru sacrifice]
  4991 | D:5      | Reached * piety under Ru
  4991 | D:5      | Reached ** piety under Ru
  5038 | D:5      | Reached skill level 8 in Fighting
  5207 | D:5      | Noticed a yak
  5241 | D:5      | Killed a yak
  5242 | D:5      | Reached XP level 9. HP: 32/75 MP: 3/9
  5550 | D:5      | Reached skill level 9 in Fighting
  5568 | D:5      | Reached skill level 10 in Slings
  6294 | D:5      | Reached skill level 10 in Fighting
  6668 | D:6      | Reached XP level 10. HP: 75/85 MP: 8/10
  7347 | D:7      | Noticed Maggie
  7357 | D:7      | Killed Maggie
  7358 | D:7      | Reached skill level 11 in Fighting
  7382 | D:7      | Noticed a gargoyle
  7396 | D:7      | Killed a gargoyle
  7471 | D:7      | Noticed Menkaure
  7488 | D:7      | Killed Menkaure
  8199 | D:7      | Found a runed translucent door.
  8200 | D:7      | Noticed Crazy Yiuf
  8266 | D:7      | Gained mutation: Your casting is slightly disrupted. [Ru
                  | sacrifice]
  8845 | D:8      | Reached skill level 1 in Shields
  8943 | D:8      | Reached skill level 12 in Fighting
  8959 | D:8      | Reached skill level 1 in Armour
  9179 | D:8      | Reached XP level 11. HP: 95/95 MP: 11/11
  9490 | D:9      | Found a basalt altar of Yredelemnul.
  9884 | D:10     | Entered Level 10 of the Dungeon
  9948 | D:10     | Found a snail-covered altar of Cheibriados.
 10105 | D:10     | Reached skill level 5 in Shields
 10124 | D:10     | Noticed a two-headed ogre
 10133 | D:10     | Killed a two-headed ogre
 10134 | D:10     | Reached skill level 13 in Fighting
 10134 | D:10     | Reached skill level 5 in Armour
 10201 | D:10     | Noticed Harold
 10218 | D:10     | Killed Harold
 10605 | D:10     | Found a sparkling altar of Nemelex Xobeh.
 10605 | D:10     | Found a hide-covered altar of Uskayaw.
 10677 | D:11     | Found a staircase to the Lair.
 10956 | D:11     | Reached skill level 14 in Fighting
 11168 | D:11     | Noticed a two-headed ogre
 11170 | D:11     | Noticed a red ugly thing
 11273 | D:11     | Found a radiant altar of Vehumet.
 11327 | D:11     | Reached XP level 12. HP: 75/107 MP: 12/12
 11617 | D:11     | Killed a two-headed ogre
 11643 | Lair:1   | Entered Level 1 of the Lair of Beasts
 11810 | Lair:1   | Reached skill level 5 in Stealth
 12038 | Lair:1   | Acquired a +1 fustibalus of freezing
 12078 | D:11     | Noticed a two-headed ogre
 12081 | D:11     | Killed a two-headed ogre
 12085 | Lair:1   | Noticed a six-headed hydra
 12731 | D:11     | Found a staircase to the Orcish Mines.
 12874 | Lair:1   | Noticed a six-headed hydra
 12899 | D:10     | Slain by a six-headed hydra

Illustrated notes

Levels and vault maps discovered:
D:1:      lemuel_arrival_lava_pool, layout_rooms, basic_ecumenical_altar,
          minmay_statues_item, corexii_item_surrounded_by_moat,
          nicolae_concentric_dashed_squares_wild
D:2:      layout_loops_ring, serial_undead, serial_undead_c, serial_undead_e,
          serial_undead_f, serial_undead_b, serial_undead_c, serial_undead_e,
          serial_undead_a, uniq_terence, uniq_natasha, uniq_jessica
D:3:      layout_loops_ring
D:4:      layout_basic, nicolae_overflow_squiral,
          minmay_temple_entry_junction_2, gup_sewer_entry_glass
D:5:      layout_rooms, corexii_checkpoint_a
D:6:      layout_rooms, minmay_crystal_room, minmay_increasing_density
D:7:      layout_loops_ring, uniq_maggie, uniq_crazy_yiuf_cottage, uniq_menkaure
D:8:      layout_rooms
D:9:      layout_cave_pools, overflow_temple_1_default,
          chequers_serial_rivers_micro_d
D:10:     layout_roguey, gammafunk_temple_overflow_statue, chei_slow_surprise,
          uniq_harold
D:11:     kennysheep_blocky_room, layout_irregular_city, david_lair_shrubbed,
          erik_orc_1, serial_bayou_pond_a, nicolae_vehumet_altar_sigil
Temple:   regret_index_temple_sphere_string
Lair:1:   layout_gridlike, serial_bayou_ford_a, serial_bayou_shore_a

Skill      XL: |  1  2  3  4  5  6  7  8  9 10 11 12 |
---------------+-------------------------------------+-----
Fighting       | 3 4 5 6 8 10 12 14 | 14.8
Slings         | 5 6 7 9 11 12 | 12.8
Shields        | 2 5 |  5.0
Armour         | 1 5 7 |  7.5
Stealth        | 3 5 |  5.0
Dodging        | |  1.7

Action                   |  1- 3 |  4- 6 |  7- 9 | 10-12 || total
-------------------------+-------+-------+-------+-------++-------
Melee: Spear             |    19 |    74 |   104 |       ||   197
       Punch             |       |       |     2 |       ||     2
       Long sword        |       |       |       |    18 ||    18
 Fire: Hunting sling     |    80 |    55 |   287 |   736 ||  1158
       Fustibalus        |       |       |       |    84 ||    84
Throw: Throwing net      |       |       |       |     1 ||     1
Invok: Sacrifice Artific |       |       |     1 |       ||     1
       Sacrifice Essence |       |       |       |     1 ||     1
       Reject Sacrifices |       |       |       |     1 ||     1
  Use: Scroll            |       |     3 |    12 |     3 ||    18
       Potion            |       |     1 |       |     5 ||     6
 Stab: Sleeping          |     1 |     1 |       |       ||     2
Armor: Leather armour    |    18 |    20 |    54 |    14 ||   106
       Swamp dragon scal |       |       |       |    95 ||    95
Dodge: Dodged            |    30 |    34 |    88 |   126 ||   278
Block: Buckler           |       |       |       |    51 ||    51
